 Dungeon Sprint DCSS version 0.29-a0-613-gf2c431b9b9 (webtiles) character file.

Game seed: 3402593291080564945

114 mhtbhm the Summoner (level 4, 21/21 HPs)
             Began as a Vine Stalker Summoner on June 17, 2022.
             Quit the game in the Dungeon (Sprint I: "Red Sonja").
             The game lasted 00:00:39 (361 turns).

mhtbhm the Summoner (Vine Stalker Summoner)          Turns: 361, Time: 00:00:39

Health: 21/21      AC:  2    Str: 12    XL:     4   Next: 97%
Magic:  11/11      EV: 13    Int: 15    God:
Gold:   54         SH:  0    Dex: 15    Spells: 2/11 levels left

rFire   . . .      SeeInvis .     - Unarmed
rCold   . . .      Faith    .   (no shield)
rNeg    . . .      Spirit   +   a - +0 robe
rPois   .          Reflect  .   (no helmet)
rElec   .          Harm     .   (no cloak)
rCorr   .          Rampage  .   (no gloves)
Will    .....      NoTele   +   (no boots)
Stlth   +++.......              (no amulet)
HPRegen 0.87/turn               (no ring)
MPRegen 0.12/turn               (no ring)

@: no status effects
A: fangs 2, regeneration 1, magic shield, antimagic bite, no potion heal 2
a: no special abilities


You were in the Dungeon.
You visited 1 branch You collected 54 gold pieces.

Inventory:

Armour
 a - a +0 robe (worn)
Wands
 e - a wand of iceblast (6)
Scrolls
 f - a scroll of blinking
Potions
 b - 3 potions of magic
 c - a potion of curing
 d - a potion of haste


   Skills:
 + Level 2.9 Dodging
 + Level 3.8 Stealth
 + Level 1.0 Unarmed Combat
 + Level 4.1 Spellcasting
 + Level 8.6 Summonings


You had 2 spell levels left.
You knew the following spells:

 Your Spells              Type           Power      Damage    Failure   Level
a - Summon Small Mammal   Summ           100%       N/A       1%          1
b - Call Imp              Summ           28%        N/A       1%          2
c - Call Canine Familiar  Summ           28%        N/A       1%          3
d - Summon Guardian Gole  Hex/Summ       16%        N/A       9%          3

Your spell library contained the following spells:

 Spells                   Type           Power      Damage    Failure   Level
 Summon Lightning Spire   Summ/Air       16%        N/A       30%         4


Dungeon Overview and Level Annotations

Branches:
Dungeon (1/1)

Altars:


Innate Abilities, Weirdness & Mutations

You have extremely sharp teeth.
Your natural rate of healing is unusually fast.
When hurt, damage is shared between your health and your magic reserves.
Your bite disrupts and absorbs the magic of your enemies.
Potions cannot restore your health.


Message History

Your crimson imp hits the ogre.
Unknown command.
Your hound bites the ogre.
The ogre closely misses your quokka.
Your quokka closely misses the ogre.
Your hound bites the ogre.
Your crimson imp barely misses the ogre.
Your quokka bites the ogre.
Your hound closely misses the ogre.
The ogre misses your quokka.
Your crimson imp hits the ogre.
Unknown command.
Your hound bites the ogre.
Your quokka closely misses the ogre.
Your hound bites the ogre.
The ogre dies!
Your Unarmed Combat skill increases to level 1!
Your Spellcasting skill gained 2 levels and is now at level 4!
Your Summonings skill gained 2 levels and is now at level 8!
You have reached level 4!
You feel agile.
You begin to heal more quickly.
Unknown command.
You swap places.
You swap places.
There is an open door, spattered with blood here.
You see here a +0 giant club.
You start resting.
Your hound disappears in a puff of smoke!
Your quokka disappears in a puff of smoke! x2
Your crimson imp disappears in a puff of smoke!
You start resting.
Magic restored.
You start waiting.
You open the door.
Found 54 gold pieces.
There is an open door here.
You now have 27 gold pieces.
You now have 54 gold pieces (gained 27).
There is an open door here.
This spell is quite dangerous to cast!
Memorise Summon Guardian Golem, consuming 3 spell levels and leaving 2?
You start memorising the spell.
You continue memorising. x3
You finish memorising.
Spell assigned to 'd'.
Are you sure you want to abandon this character and quit the game? (Confirm with "yes".)

##########
#<.#..)..#
#..').#.@+
#..#####'#
#..# #..#
#..# ####
#..# #⌠⌠#
####


There were no monsters in sight!

Vanquished Creatures
  Ijyb (D)
1 creature vanquished.

Vanquished Creatures (collateral kills)
  An ogre (D)
1 creature vanquished.

Grand Total: 2 creatures vanquished

Notes
Turn   | Place    | Note
-------+----------+-------------------------------------------
     0 | D        | mhtbhm the Vine Stalker Summoner began the quest for the
                  | Orb.
     0 | D        | Reached XP level 1. HP: 9/9 MP: 4/4
     4 | D        | Noticed Ijyb
    15 | D        | Killed Ijyb
    16 | D        | Reached skill level 6 in Summonings
    16 | D        | Reached XP level 2. HP: 5/13 MP: 1/6
    16 | D        | Reached XP level 3. HP: 7/16 MP: 1/8
   238 | D        | Learned a level 2 spell: Call Imp
   242 | D        | Learned a level 3 spell: Call Canine Familiar
   246 | D        | Noticed an ogre
   254 | D        | Killed an ogre
   255 | D        | Reached skill level 1 in Unarmed Combat
   255 | D        | Reached skill level 8 in Summonings
   255 | D        | Gained mutation: Your natural rate of healing is unusually
                  | fast. [Vine Stalker growth]
   255 | D        | Reached XP level 4. HP: 21/21 MP: 2/11
   361 | D        | Learned a level 3 spell: Summon Guardian Golem
   361 | D        | Quit the game

Illustrated notes

Levels and vault maps discovered:
D:        dungeon_sprint_1 [red_sonja_temple_1, red_sonja_temple_small_1]

Skill      XL: |  1  2  3 |
---------------+----------+-----
Dodging        | 2 |  2.9
Stealth        | 3 |  3.8
Summonings     | 6 8 |  8.6
Unarmed Combat | 1 |  1.0
Spellcasting   | 4 |  4.1

Action                   |  1- 3 |  4- 6 || total
-------------------------+-------+-------++-------
Melee: Unarmed           |     7 |       ||     7
       Punch             |     1 |       ||     1
       Bite              |     1 |       ||     1
 Cast: Summon Small Mamm |     4 |       ||     4
       Call Imp          |     1 |       ||     1
       Call Canine Famil |     1 |       ||     1
  Use: Potion            |     1 |       ||     1
Armor: Robe              |     1 |       ||     1
Dodge: Dodged            |     2 |       ||     2

Table legend: (Time is in decaauts)
 A = Elapsed time spent in this place.
 B = Non-inter-level travel time spent in this place.
 C = Inter-level travel time spent in this place.
 D = Time resting spent in this place.
 E = Time spent auto-exploring this place.
 F = Levels seen in this place.
 G = Mean time per level.
                   A        B        C        D        E       F      G
               +--------+--------+--------+--------+--------+-----+--------+
         Total |    364 |    364 |      0 |    311 |      0 |   1 |  364.0 |
       Dungeon |    364 |    364 |      0 |    311 |      0 |   1 |  364.0 |
               +--------+--------+--------+--------+--------+-----+--------+

Top non-repeatable levels by time:
       D: 364 daAuts
